 Dungeon Crawl Stone Soup version 0.28.0-43-g3370ac3207 (webtiles) character file.

Game seed: 3420494804270765621

7853 protoss039 the Thaumaturge (level 11, -2/63 HPs)
             Began as a Deep Elf Air Elementalist on Mar 25, 2022.
             Was a Priest of Sif Muna.
             Killed from afar by a catoblepas (9 damage)
             ... with a blast of calcifying dust
             ... on level 9 of the Dungeon.
             The game lasted 00:21:32 (12352 turns).

protoss039 the Thaumaturge (DEAE)                  Turns: 12352, Time: 00:21:33

Health: -2/63      AC:  7    Str:  5    XL:     11   Next: 2%
Magic:  5/28       EV: 13    Int: 25    God:    Sif Muna [***...]
Gold:   624        SH:  0    Dex: 15    Spells: 14/33 levels left

rFire   . . .      SeeInvis .   v - +2 whip (venom)
rCold   . . .      Faith    .   (no shield)
rNeg    . . .      Spirit   .   a - +0 robe
rPois   +          Reflect  .   p - +0 helmet
rElec   .          Harm     .   (no cloak)
rCorr   .          Rampage  .   (no gloves)
Will    +....                   (no boots)
Stlth   ++........              (no amulet)
HPRegen 0.20/turn               n - +4 ring of protection
MPRegen 0.21/turn               r - ring of poison resistance

@: swift, quick
A: no striking features
a: Renounce Religion, Channel Magic, Forget Spell


You were on level 9 of the Dungeon.
You worshipped Sif Muna.
Sif Muna was most pleased with you.
You visited 2 branches of the dungeon, and saw 10 of its levels.

You collected 624 gold pieces.

Inventory:

Hand Weapons
 v - a +2 whip of venom (weapon)
 w - a +2 vampiric dagger
Armour
 a - a +0 robe (worn)
 p - a +0 helmet (worn)
Jewellery
 n - a +4 ring of protection (left hand)
 r - a ring of poison resistance (right hand)
Wands
 o - a wand of acid (9)
 t - a wand of iceblast (18)
 A - a wand of mindburst (8)
Scrolls
 c - a scroll of immolation {unknown}
 d - 2 scrolls of blinking {unknown}
 e - 4 scrolls of teleportation {unknown}
 f - 2 scrolls of amnesia {unknown}
 i - 3 scrolls of identify
 m - a scroll of magic mapping {unknown}
 s - a scroll of fear {unknown}
 y - a scroll of summoning {unknown}
 B - a scroll of enchant weapon {unknown}
Potions
 b - 5 potions of curing
 g - 4 potions of cancellation
 h - a potion of resistance {unknown}
 j - a potion of mutation {unknown}
 k - 3 potions of invisibility
 l - a potion of ambrosia {unknown}
 q - 5 potions of heal wounds
 u - 2 potions of lignification
 x - a potion of might {unknown}
 z - a potion of degeneration {unknown}
 C - a potion of magic {unknown}


   Skills:
 * Level 5.0 Fighting
 - Level 3.0 Dodging
 - Level 3.0 Stealth
 + Level 11.7 Spellcasting
 * Level 6.0 Conjurations
 * Level 5.1 Fire Magic
 + Level 8.6 Air Magic
 * Level 4.3 Poison Magic
 * Level 6.5 Invocations


You had 14 spell levels left.
You knew the following spells:

 Your Spells              Type           Power      Damage    Failure   Level
a - Shock                 Conj/Air       100%       1d9       1%          1
b - Static Discharge      Conj/Air       51%        N/A       1%          2
c - Swiftness             Air            55%        N/A       1%          3
d - Airstrike             Air            27%        N/A       1%          4
e - Fireball              Conj/Fire      21%        3d10      12%         5
f - Olgreb's Toxic Radia  Pois           36%        N/A       7%          4

Your spell library contained the following spells:

 Spells                   Type           Power      Damage    Failure   Level
 Sting                    Tmut/Pois      100%       1d8       1%          1
 Poisonous Vapours        Pois/Air       94%        N/A       1%          2
 Summon Guardian Golem    Hex/Summ       14%        N/A       12%         3
 Starburst                Conj/Fire      21%        6d7       54%         6
 Orb of Destruction       Conj           22%        9d8       96%         7
 Spellforged Servitor     Conj/Summ      14%        N/A       100%        7
 Ignition                 Fire           20%        3d7       100%        8


Dungeon Overview and Level Annotations

Branches:
Dungeon (9/15)             Temple (1/1) D:4
   Lair: D:8-11         Orc: D:9-12

Altars:
Ashenzari
Cheibriados
Dithmenos
Elyvilon
Fedhas
Gozag
Hepliaklqana
Kikubaaqudgha
Makhleb
Nemelex Xobeh
Okawaru
Qazlal
Ru
Sif Muna
Trog
Uskayaw
Vehumet
Wu Jian
Xom
Yredelemnul
Zin
The Shining One

Shops:
D:9 [

Annotations:
D:7 3 runed translucent doors, fgae53's ghost, novice MiBe
D:9 2 runed translucent doors


Message History

Unknown command.
Casting: Static Discharge (safe; 1% risk of failure)
Confirm with . or Enter, or press ? or * to list all spells.
The catoblepas is struck by an arc of lightning.
The catoblepas is heavily wounded.
The howler monkey zombie is struck by an arc of lightning.
The howler monkey zombie is severely damaged.
The catoblepas is struck by an arc of lightning.
The catoblepas is heavily wounded.
The howler monkey zombie is struck by an arc of lightning.
The howler monkey zombie is almost destroyed.
The catoblepas is struck by an arc of lightning.
The catoblepas is severely wounded.
The lightning grounds out.
The catoblepas gores you!
Casting: Static Discharge (safe; 1% risk of failure)
Confirm with . or Enter, or press ? or * to list all spells.
The catoblepas is struck by an arc of lightning!
The catoblepas is severely wounded.
The howler monkey zombie is struck by an arc of lightning!
You destroy the howler monkey zombie!
Sif Muna accepts your kill.
The catoblepas is struck by an arc of lightning!
The catoblepas is almost dead.
You are struck by an arc of lightning.
The lightning grounds out.
The catoblepas gores you!!
* * * LOW HITPOINT WARNING * * *
Your Fighting skill increases to level 5!
Unknown command.
Unknown command.
Casting: Static Discharge (safe; 1% risk of failure)
Confirm with . or Enter, or press ? or * to list all spells.
The catoblepas is struck by an arc of lightning!
The catoblepas is almost dead.
The lightning grounds out.
The catoblepas breathes a plume of calcifying dust at you.
The blast of calcifying dust hits you but does no damage.
Unknown command.
The catoblepas breathes a plume of calcifying dust at you.
The blast of calcifying dust hits you!
You die...

.#[ ## ##...# #))
#8. #). )##..# #..
#8. #####.##.#..#
#(.
..##++##.')##Y#.#..#
#((
#.......[##.#.Z.#..#
#..
########.#.####.#..#
### #Y##..YZ##..#
#.§######..##
##@§......##
##########


You could see a catoblepas (very poisoned).

Vanquished Creatures
  2 two-headed ogres
  A kobold demonologist (D:9)
  3 wyverns
  6 yaks
  A water moccasin (D:4)
  4 sky beasts
  2 black bears (D:9)
  5 necrophages (D:4)
  3 orc warriors
  3 ice beasts
  4 centaurs
  2 ogres (D:5)
  2 phantoms
  8 kobold brigands (D:9)
  4 bullfrogs
  A gnoll sergeant (D:6)
  A wyvern zombie (D:6)
  5 scorpions
  2 water moccasin zombies
  9 killer bees
  2 howler monkeys
  A centaur zombie (D:8)
  A jelly (D:6)
  2 bullfrog zombies
  2 hounds
  10 orc priests
  A centaur skeleton (D:5)
  3 iguanas
  Natasha (D:3)
  8 orc wizards
  A killer bee zombie (D:6)
  7 gnolls (D:6)
  A howler monkey zombie (D:9)
  4 adders
  A howler monkey skeleton (D:7)
  An adder zombie (D:4)
  A worm (D:3)
  A dart slug (D:3)
  23 orcs
  3 bats
  7 endoplasms
  5 goblins
  8 hobgoblins
  4 jackals (D:1)
  3 quokkas
  13 ball pythons
  2 frilled lizards (D:2)
  12 kobolds
  2 rats (D:1)
198 creatures vanquished.

Vanquished Creatures (others)
  6 bushes
  4 fungi (D:9)
  22 plants
32 creatures vanquished.

Grand Total: 230 creatures vanquished

Notes
Turn   | Place    | Note
-------+----------+-------------------------------------------
     0 | D:1      | protoss039 the Deep Elf Air Elementalist began the quest
                  | for the Orb.
     0 | D:1      | Reached XP level 1. HP: 10/10 MP: 6/6
   349 | D:1      | Reached XP level 2. HP: 15/15 MP: 2/8
   576 | D:1      | Learned a level 2 spell: Static Discharge
   682 | D:1      | Found a faded altar of an unknown god.
  1069 | D:2      | Reached XP level 3. HP: 15/19 MP: 0/10
  1349 | D:2      | Found an ancient bone altar of Kikubaaqudgha.
  1563 | D:2      | Learned a level 3 spell: Swiftness
  1564 | D:3      | Noticed Natasha
  1569 | D:3      | Killed Natasha
  1570 | D:3      | Reached skill level 4 in Spellcasting
  1570 | D:3      | Reached XP level 4. HP: 20/24 MP: 2/12
  2911 | D:3      | Learned a level 4 spell: Airstrike
  3028 | D:4      | Found a staircase to the Ecumenical Temple.
  3046 | Temple   | Entered the Ecumenical Temple
  3267 | Temple   | Became a worshipper of Sif Muna the Loreminder
  3347 | D:4      | Reached XP level 5. HP: 17/28 MP: 4/14
  3607 | D:4      | Reached skill level 5 in Spellcasting
  3682 | D:4      | Reached skill level 1 in Invocations
  3727 | D:4      | Found a blossoming altar of Fedhas.
  3756 | D:4      | Reached skill level 1 in Fighting
  3756 | D:4      | Reached XP level 6. HP: 34/34 MP: 11/15
  3947 | D:4      | Noticed a water moccasin
  3959 | D:4      | Killed a water moccasin
  4493 | D:4      | Reached skill level 6 in Spellcasting
  4493 | D:4      | Reached XP level 7. HP: 39/39 MP: 7/18
  4498 | D:4      | Reached skill level 5 in Air Magic
  4875 | D:5      | Entered Level 5 of the Dungeon
  4977 | D:5      | Reached skill level 7 in Spellcasting
  5072 | D:5      | Reached XP level 8. HP: 20/45 MP: 8/20
  5688 | D:5      | Reached * piety under Sif Muna
  6308 | D:5      | Learned a level 5 spell: Fireball
  6702 | D:6      | Reached skill level 8 in Spellcasting
  6702 | D:6      | Reached skill level 1 in Fire Magic
  7160 | D:6      | Reached XP level 9. HP: 42/51 MP: 0/23
  7591 | D:6      | Reached skill level 9 in Spellcasting
  8144 | D:7      | Reached ** piety under Sif Muna
  8285 | D:7      | Found a runed translucent gate.
  8286 | D:7      | Found a runed translucent gate.
  8287 | D:7      | Found a runed translucent gate.
  8360 | D:7      | Noticed fgae53's ghost (novice MiBe)
  8407 | D:7      | Noticed a two-headed ogre
  8420 | D:7      | Learned a level 4 spell: Olgreb's Toxic Radiance
  8440 | D:7      | Reached skill level 5 in Invocations
  8558 | D:7      | Killed a two-headed ogre
  8559 | D:7      | Reached skill level 1 in Poison Magic
  8875 | D:7      | Reached skill level 10 in Spellcasting
  9942 | D:8      | Reached skill level 5 in Conjurations
  9942 | D:8      | Reached XP level 10. HP: 56/56 MP: 17/26
 11099 | D:9      | Reached *** piety under Sif Muna
 11107 | D:9      | Reached skill level 11 in Spellcasting
 11448 | D:9      | Found Daxuem's Antique Armour Boutique.
 11583 | D:9      | Noticed a two-headed ogre
 11602 | D:9      | Killed a two-headed ogre
 11764 | D:9      | Reached skill level 5 in Fire Magic
 12168 | D:9      | Found a large runed translucent door.
 12168 | D:9      | Found a large runed translucent door.
 12177 | D:9      | Reached XP level 11. HP: 62/62 MP: 11/28
 12330 | D:9      | Noticed a catoblepas
 12351 | D:9      | Reached skill level 5 in Fighting
 12352 | D:9      | Killed from afar by a catoblepas

Illustrated notes

Levels and vault maps discovered:
D:1:      co_arrival_square_in_a_square_in_a_square, layout_basic,
          shapermc_ecumenical_altar_hornbeckon
D:2:      layout_rooms, basic_altar, amcnicky_mini_pool_small,
          serial_bayou_ford_a, minmay_tetromino_l2
D:3:      layout_loops_corners, uniq_natasha
D:4:      layout_loops_ring, fedhas_altar_decomposition,
          minmay_temple_entry_glassed_door
D:5:      layout_basic, water_boxes_lemuel
D:6:      layout_loops_ring, minmay_quadrilaterals
D:7:      layout_gridville, gammafunk_ghost_split
D:8:      layout_basic, minmay_misc_feat_square
D:9:      layout_rooms, grunt_lair_entry_orc_guard_hut, special_room
          [special_room_kobold], serial_shops, nicolae_shop_statue_plus,
          minmay_hedge_maze, minmay_hollow_rounded_squares
Temple:   compressed_dpeg_triangle_lava_temple

Skill      XL: |  1  2  3  4  5  6  7  8  9 10 11 |
---------------+----------------------------------+-----
Stealth        | 3 |  3.0
Dodging        | 3 |  3.0
Spellcasting   | 4 5 6 7 8 10 11 | 11.7
Conjurations   | 2 3 4 5 6 |  6.0
Air Magic      | 4 5 6 7 8 |  8.6
Invocations    | 1 2 3 4 5 6 |  6.5
Fighting       | 1 2 3 4 5 |  5.0
Fire Magic     | 2 3 5 |  5.1
Poison Magic   | 2 4 |  4.3

Action                   |  1- 3 |  4- 6 |  7- 9 | 10-12 || total
-------------------------+-------+-------+-------+-------++-------
Melee: Unarmed           |     2 |       |       |       ||     2
       Dagger            |     5 |    17 |       |       ||    22
       Whip              |       |       |     6 |     6 ||    12
       Punch             |       |       |       |     1 ||     1
 Cast: Shock             |    45 |    56 |    71 |    15 ||   187
       Static Discharge  |    12 |    18 |    30 |    15 ||    75
       Airstrike         |       |     2 |    85 |    44 ||   131
       Swiftness         |       |     1 |     4 |     4 ||     9
       Olgreb's Toxic Ra |       |       |     2 |    18 ||    20
  Use: Scroll            |       |       |     4 |     1 ||     5
 Stab: Sleeping          |     2 |       |       |       ||     2
Armor: Robe              |     6 |     4 |    15 |    13 ||    38
Dodge: Dodged            |    23 |    20 |    24 |    17 ||    84
